 Dungeon Crawl Stone Soup version 0.19-a0-1079-g88a7474 (webtiles) character file.

72 JustSomeDude the Grave Robber (level 4, -1/30 HPs)
             Began as a Mummy Necromancer on Aug 6, 2016.
             Killed from afar by Natasha (8 damage)
             ... with a magic dart
             ... on level 3 of the Dungeon.
             The game lasted 00:15:39 (2231 turns).

JustSomeDude the Grave Robber (Mummy Necromancer)   Turns: 2231, Time: 00:15:39

Health: -1/30      AC: 10    Str: 11    XL:     4   Next: 6%
Magic:  0/8        EV: 10    Int: 15    God:
Gold:   121        SH:  0    Dex: 12    Spells: 1 memorised, 7 levels left

rFire  x . .     SeeInvis .     (no weapon)
rCold  + + .     Gourm    .     j - +0 ring mail
rNeg   + + +     Faith    .     (no shield)
rPois  ∞         Spirit   .     l - +0 helmet (curse)
rElec  .         Dismiss  .     (no cloak)
rCorr  .         Reflect  .     d - +0 pair of gloves
SustAt .         Harm     .     e - +2 pair of boots
MR     .....                    (no amulet)
Stlth  +.........               (no ring)
                                i - ring of protection from cold

@: very slightly contaminated
A: no food or potions, fire vulnerability, cold resistance 1, negative energy
resistance 3, torment resistance, unbreathing
a: no special abilities


You were on level 3 of the Dungeon.
You were not hungry.

You visited 1 branch of the dungeon, and saw 3 of its levels.

You collected 121 gold pieces.

Inventory:

Armour
 d - a +0 pair of gloves (worn)
 e - a +2 pair of boots (worn)
 j - a +0 ring mail (worn)
 k - a +0 chain mail
 l - a cursed +0 helmet (worn)
Jewellery
 i - a ring of protection from cold (left hand)
Scrolls
 f - a scroll of identify
 g - a scroll of enchant weapon
Books
 b - a book of Necromancy

   Spells                             Type                      Level
   a - Pain                           Necromancy                   1
   b - Animate Skeleton               Necromancy                   1
   c - Vampiric Draining              Necromancy                   3
   d - Regeneration                   Charms/Necromancy            3
   e - Animate Dead                   Necromancy                   4
   f - Control Undead                 Necromancy                   4


   Skills:
 * Level 0.2 Armour
 * Level 1.9 Dodging
 + Level 1.7 Stealth
 + Level 2.6 Spellcasting
 + Level 4.9 Necromancy


You had 7 spell levels left.
You knew the following spells:

 Your Spells              Type           Power        Failure   Level  Hunger
a - Pain                  Necr           ###.         10%         1    N/A

Dungeon Overview and Level Annotations

Branches:
Dungeon (3/15)

Altars:

Annotations:
D:3 Kidiri's ghost, amateur DEFE; Natasha


Innate Abilities, Weirdness & Mutations

You do not eat or drink.
Your flesh is vulnerable to fire.
You are immune to poison.
Your flesh is cold resistant. (rC+)
You are immune to negative energy. (rN+++)
You are immune to unholy pain and torment.
You can survive without breathing.


Message History

Aiming: Pain
Press: ? - help, Shift-Dir - straight line, f/p - Natasha
Aim: Natasha (lightly wounded, chance to defeat MR: 75%) Natasha convulses in agony!
Natasha closely misses you.
Casting: Pain
Confirm with . or Enter, or press ? or * to list all spells.
Aiming: Pain
Press: ? - help, Shift-Dir - straight line, f/p - Natasha
Aim: Natasha (moderately wounded, chance to defeat MR: 75%) Natasha convulses in agony!
Natasha claws you.
* * * LOW HITPOINT WARNING * * *
Casting: Pain
Confirm with . or Enter, or press ? or * to list all spells.
Aiming: Pain
Press: ? - help, Shift-Dir - straight line, f/p - Natasha
Aim: Natasha (almost dead, chance to defeat MR: 75%) Natasha convulses in agony!
Natasha casts a spell at you. The magic dart hits you!
You die...

..#...h...# #.####.#$..#.#
..#.....).# #.# #.#..>..#
..#.......###.## #.#######
..§.......##...# #.....h.#
..#.......##...# #######.###
..#.......##...# #..†.#...#
)##.......##...# #.##.###.#
.###########...####.##.# #.#
h†.5h.5...).....@h..##.###.#
#############.########...h.#
#.# #.##### #.# ### #.# ..#
###


You could see Natasha.

Vanquished Creatures
  3 adders
  An ooze (D:3)
  A dart slug (D:1)
  A giant gecko (D:1)
  3 bats
  A giant cockroach (D:1)
  7 goblins
  4 hobgoblins
  A quokka (D:2)
  10 kobolds
  3 rats
35 creatures vanquished.

Notes
Turn   | Place    | Note
-------+----------+-------------------------------------------
     0 | D:1      | JustSomeDude the Mummy Necromancer began the quest for the Orb.
     0 | D:1      | Reached XP level 1. HP: 13/13 MP: 3/3
   340 | D:1      | Reached XP level 2. HP: 6/19 MP: 0/5
  1485 | D:2      | Reached XP level 3. HP: 24/24 MP: 2/6
  2022 | D:3      | Noticed Natasha
  2045 | D:3      | Noticed Kidiri's ghost (amateur DEFE)
  2200 | D:3      | Reached XP level 4. HP: 30/30 MP: 2/8
  2231 | D:3      | Killed from afar by Natasha

Vault maps used:
D:1:      nicolae_arrival_somewhat_less_tricky_arrival
D:2:      kennysheep_potato
D:3:      first_bread, uniq_natasha

Action                   |  1- 3 |  4- 6 || total
-------------------------+-------+-------++-------
Melee: Unarmed           |    25 |       ||    25
 Cast: Pain              |    63 |     5 ||    68
  Use: Scroll            |     5 |       ||     5
Armor: Robe              |     3 |       ||     3
       Ring mail         |    25 |       ||    25
       Chain mail        |    15 |       ||    15
Dodge: Dodged            |    38 |     3 ||    41
